TOP OF THE 1ST |
Tijuana Toros batting - Pitching for Calgary Flames : RHP Alberto Cuevas
|
Pitching: RHP Alberto Cuevas
|
|
Batting: SHB Dave Reynoso
|
0-0: Foul Ball, location: 2F 0-1: Fly out, F9 (Flyball, 89M, EV 94.4 MPH)
|
Batting: LHB Fernão Manta
|
0-0: Foul Ball, location: 2F 0-1: Swinging Strike 0-2: Ball 1-2: Strikes out swinging
|
Batting: LHB Jay Fenderson
|
0-0: Ball 1-0: Called Strike 1-1: Ball 2-1: Ball 3-1: Called Strike 3-2: Foul Ball, location: 2F 3-2: Foul Ball, location: 2F 3-2: Base on Balls
|
Batting: LHB Cory Bowler
|
0-0: Ball Jay Fenderson steals 2nd base 1-0: Ball 2-0: Called Strike 2-1: SINGLE (Groundball, 4M, EV 106.2 MPH) (infield hit) Jay Fenderson to third
|
Batting: RHB Tommy Hunter
|
0-0: Ball 1-0: Ball 2-0: Called Strike 2-1: Foul Ball, location: 2F 2-2: Foul Ball, location: 2F 2-2: Foul Ball, location: 2F 2-2: Strikes out swinging
|
Top of the 1st over - 0 runs, 1 hit, 0 errors, 2 left on base; Tijuana 0 - Calgary 0 |
BOTTOM OF THE 1ST |
Calgary Flames batting - Pitching for Tijuana Toros : RHP Dean Aspden
|
Pitching: RHP Dean Aspden
|
|
Batting: RHB Adrian Cook
|
0-0: Called Strike 0-1: Ball 1-1: Called Strike 1-2: Ball 2-2: SINGLE (Line Drive, 8LS, EV 102.5 MPH)
|
Batting: RHB Brian DeVoe
|
0-0: Ball 1-0: Ball 2-0: Foul Ball, location: 2F 2-1: Ball 3-1: Foul Ball, location: 2F 3-2: Base on Balls Adrian Cook to second
|
Batting: RHB Eric McMillian
|
0-0: Called Strike 0-1: Ball 1-1: SINGLE (Groundball, 4MD, EV 96.9 MPH) Adrian Cook to third Brian DeVoe to second Runner from 3rd tries for Home, SAFE, throw by CF to home
|
Batting: RHB Mike MacLeod
|
0-0: Ground out 5-3 (Groundball, 56S, EV 70.0 MPH) Brian DeVoe to third Eric McMillian to second
|
Batting: LHB James McCauley
|
0-0: Ball 1-0: SINGLE (Flyball, 7S, EV 91.2 MPH) Brian DeVoe scores Eric McMillian to third Runner from 3rd tries for Home, throw by LF and OUT! 7-2
|
Batting: LHB Carlos Cuellar
|
0-0: Called Strike 0-1: Ball 1-1: Called Strike 1-2: SINGLE (Groundball, 4MD, EV 106.9 MPH) James McCauley to second Runner from 2nd tries for 3rd, SAFE, throw by CF made to third
|
Batting: LHB Dean Luttman
|
0-0: Ball 1-0: Fly out, F7 (Flyball, 7S, EV 94.4 MPH)
|
Bottom of the 1st over - 2 runs, 4 hits, 0 errors, 2 left on base; Tijuana 0 - Calgary 2 |
TOP OF THE 2ND |
Tijuana Toros batting - Pitching for Calgary Flames : RHP Alberto Cuevas
|
Batting: RHB Jason Baldwin
|
0-0: Called Strike 0-1: Foul Ball, location: 2F 0-2: Ball 1-2: Foul Ball, location: 2F 1-2: Ball 2-2: Strikes out swinging
|
Batting: LHB Jim Jardine
|
0-0: Ground out U3 (Groundball, 3L, EV 101.9 MPH)
|
Batting: RHB Brad Brady
|
0-0: Reached on error, E9 (Flyball, 9LM, EV 86.2 MPH)
|
Batting: RHB Riemer de Jonge
|
0-0: Ball 1-0: Fly out, F7 (Line Drive, 7D, EV 104.4 MPH)
|
Top of the 2nd over - 0 runs, 0 hits, 1 error, 1 left on base; Tijuana 0 - Calgary 2 |
BOTTOM OF THE 2ND |
Calgary Flames batting - Pitching for Tijuana Toros : RHP Dean Aspden
|
Batting: LHB Justin Daley
|
0-0: Foul Ball, location: 2F 0-1: Ball 1-1: Foul Ball, location: 2F 1-2: Ground out 4-3 (Groundball, 4, EV 84.4 MPH)
|
Batting: LHB Lu-po-teh Zhou
|
0-0: Foul Ball, location: 2F 0-1: Ball 1-1: DOUBLE (Line Drive, 7LS, EV 90.6 MPH)
|
Batting: RHB Adrian Cook
|
0-0: Foul Ball, location: 2F 0-1: Ball 1-1: Called Strike 1-2: Ball 2-2: Strikes out swinging
|
Batting: RHB Brian DeVoe
|
0-0: Ball 1-0: Ball 2-0: Foul Ball, location: 2F 2-1: SINGLE (Groundball, 6MD, EV 108.8 MPH) Lu-po-teh Zhou to third Runner from 3rd tries for Home, SAFE, throw by CF to home
|
Batting: RHB Eric McMillian
|
0-0: Ball 1-0: Ground out 4-3 (Groundball, 4, EV 89.4 MPH)
|
Bottom of the 2nd over - 1 run, 2 hits, 0 errors, 1 left on base; Tijuana 0 - Calgary 3 |
TOP OF THE 3RD |
Tijuana Toros batting - Pitching for Calgary Flames : RHP Alberto Cuevas
|
Batting: SHB Dave Reynoso
|
0-0: Called Strike 0-1: Called Strike 0-2: Strikes out swinging
|
Batting: LHB Fernão Manta
|
0-0: Ball 1-0: Foul Ball, location: 2F 1-1: Ball 2-1: Swinging Strike 2-2: Strikes out swinging
|
Batting: LHB Jay Fenderson
|
0-0: Hit by Pitch
|
Batting: LHB Cory Bowler
|
0-0: Called Strike 0-1: Ball 1-1: Ball 2-1: Called Strike 2-2: Ball 3-2: DOUBLE (Flyball, 78D, EV 101.9 MPH) Jay Fenderson to third Jay Fenderson scores
|
Batting: RHB Tommy Hunter
|
0-0: Called Strike 0-1: Called Strike 0-2: Foul Ball, location: 2F 0-2: Strikes out swinging
|
Top of the 3rd over - 1 run, 1 hit, 0 errors, 1 left on base; Tijuana 1 - Calgary 3 |
BOTTOM OF THE 3RD |
Calgary Flames batting - Pitching for Tijuana Toros : RHP Dean Aspden
|
Batting: RHB Mike MacLeod
|
0-0: Called Strike 0-1: Swinging Strike 0-2: Ground out 5-3 (Groundball, 56, EV 84.4 MPH)
|
Batting: LHB James McCauley
|
0-0: Foul Ball, location: 2F 0-1: Ball 1-1: Ground out U3 (Groundball, 3, EV 84.4 MPH)
|
Batting: LHB Carlos Cuellar
|
0-0: Ball 1-0: SINGLE (Line Drive, 9S, EV 111.2 MPH)
|
Batting: LHB Dean Luttman
|
0-0: TRIPLE (Line Drive, 8RXD, EV 101.9 MPH) Carlos Cuellar scores
|
Batting: LHB Justin Daley
|
0-0: Ball 1-0: Called Strike 1-1: Ball 2-1: Foul Ball, location: 2F 2-2: Strikes out looking
|
Bottom of the 3rd over - 1 run, 2 hits, 0 errors, 1 left on base; Tijuana 1 - Calgary 4 |
TOP OF THE 4TH |
Tijuana Toros batting - Pitching for Calgary Flames : RHP Alberto Cuevas
|
Batting: RHB Jason Baldwin
|
0-0: Ball 1-0: Ball 2-0: Fly out, F6 (Popup, 6, EV 70.6 MPH)
|
Batting: LHB Jim Jardine
|
0-0: Called Strike 0-1: Ball 1-1: Ball 2-1: Called Strike 2-2: Ground out 3-1 (Groundball, 34S, EV 81.9 MPH)
|
Batting: RHB Brad Brady
|
0-0: Ball 1-0: Called Strike 1-1: Ball 2-1: Ball 3-1: Foul Ball, location: 2F 3-2: Ground out 1-5-3 (Groundball, 15S, EV 97.5 MPH)
|
Top of the 4th over - 0 runs, 0 hits, 0 errors, 0 left on base; Tijuana 1 - Calgary 4 |
BOTTOM OF THE 4TH |
Calgary Flames batting - Pitching for Tijuana Toros : RHP Dean Aspden
|
Batting: LHB Lu-po-teh Zhou
|
0-0: Ball 1-0: Ball 2-0: Foul Ball, location: 2F 2-1: Ball 3-1: Base on Balls
|
Batting: RHB Adrian Cook
|
0-0: Grounds into double play, 6-4-3 (Groundball, 6, EV 91.2 MPH)
|
Batting: RHB Brian DeVoe
|
0-0: Fly out, F8 (Flyball, 8LXD, EV 91.9 MPH)
|
Bottom of the 4th over - 0 runs, 0 hits, 0 errors, 0 left on base; Tijuana 1 - Calgary 4 |
TOP OF THE 5TH |
Tijuana Toros batting - Pitching for Calgary Flames : RHP Alberto Cuevas
|
Batting: RHB Riemer de Jonge
|
0-0: Ball 1-0: Ground out U3 (Groundball, 34, EV 77.5 MPH)
|
Batting: SHB Dave Reynoso
|
0-0: Ball 1-0: Ball 2-0: Called Strike 2-1: Foul Ball, location: 2F 2-2: Strikes out swinging
|
Batting: LHB Fernão Manta
|
0-0: Called Strike 0-1: DOUBLE (Flyball, 89D, EV 93.1 MPH)
|
Batting: LHB Jay Fenderson
|
0-0: Called Strike 0-1: SINGLE (Groundball, 6MD, EV 101.9 MPH) Fernão Manta to third Runner from 3rd tries for Home, SAFE, throw by CF to home
|
Batting: LHB Cory Bowler
|
0-0: Ball Jay Fenderson is caught stealing 2nd base 2-6
|
Top of the 5th over - 1 run, 2 hits, 0 errors, 0 left on base; Tijuana 2 - Calgary 4 |
BOTTOM OF THE 5TH |
Calgary Flames batting - Pitching for Tijuana Toros : RHP Dean Aspden
|
Batting: RHB Eric McMillian
|
0-0: Called Strike 0-1: Ground out 3-1 (Groundball, 34S, EV 87.5 MPH)
|
Batting: RHB Mike MacLeod
|
0-0: Single, Error in OF, E8, batter to second base (Groundball, 6MD, EV 99.4 MPH)
|
Batting: LHB James McCauley
|
0-0: Ball 1-0: Ball 2-0: Ball 3-0: Base on Balls
|
Batting: LHB Carlos Cuellar
|
0-0: Ball 1-0: Foul Ball, location: 2F 1-1: Ball 2-1: Swinging Strike 2-2: Ball 3-2: Foul Ball, location: 2F 3-2: Foul Ball, location: 2F 3-2: Base on Balls Mike MacLeod to third James McCauley to second
|
Batting: LHB Dean Luttman
|
0-0: Swinging Strike 0-1: Grounds into double play, 3-6-1 (Groundball, 34, EV 100.6 MPH)
|
Bottom of the 5th over - 0 runs, 1 hit, 1 error, 2 left on base; Tijuana 2 - Calgary 4 |
TOP OF THE 6TH |
Tijuana Toros batting - Pitching for Calgary Flames : RHP Alberto Cuevas
|
Pitching: LHP Bill Hussey
|
|
Batting: LHB Cory Bowler
|
0-0: Swinging Strike 0-1: Swinging Strike 0-2: Strikes out looking
|
Batting: RHB Tommy Hunter
|
0-0: Ball 1-0: Foul Ball, location: 2F 1-1: Foul Ball, location: 2F 1-2: Foul Ball, location: 2F 1-2: Ball 2-2: Strikes out swinging
|
Batting: RHB Jason Baldwin
|
0-0: SINGLE (Groundball, 56D, EV 94.4 MPH)
|
Batting: LHB Jim Jardine
|
0-0: Fly out, F9 (Flyball, 89M, EV 89.4 MPH)
|
Top of the 6th over - 0 runs, 1 hit, 0 errors, 1 left on base; Tijuana 2 - Calgary 4 |
BOTTOM OF THE 6TH |
Calgary Flames batting - Pitching for Tijuana Toros : RHP Dean Aspden
|
Batting: LHB Justin Daley
|
0-0: Ball 1-0: Swinging Strike 1-1: Called Strike 1-2: Ball 2-2: DOUBLE (Flyball, 8RD, EV 93.1 MPH)
|
Batting: LHB Lu-po-teh Zhou
|
0-0: Fly out, F7 (Flyball, 78M, EV 87.5 MPH)
|
Batting: RHB Adrian Cook
|
0-0: Swinging Strike 0-1: Ball 1-1: Ball 2-1: Swinging Strike 2-2: Foul Ball, location: 2F 2-2: SINGLE (Groundball, 56D, EV 102.5 MPH) Justin Daley to third Runner from 3rd tries for Home, SAFE, throw by LF to home
|
Batting: RHB Brian DeVoe
|
0-0: Ball Adrian Cook is caught stealing 2nd base 2-4 1-0: Ball 2-0: Ball 3-0: Called Strike 3-1: Base on Balls
|
Batting: RHB Eric McMillian
|
0-0: Ball 1-0: Ball 2-0: Ball 3-0: Called Strike 3-1: Base on Balls Brian DeVoe to second
|
Batting: RHB Mike MacLeod
|
0-0: Ball 1-0: Ball 2-0: 3-RUN HOME RUN (Flyball, 89XD, EV 108.8 MPH), Distance : 420 ft
|
Pitching: RHP Makoto Narita
|
|
Batting: LHB James McCauley
|
0-0: Ball 1-0: Called Strike 1-1: SINGLE (Line Drive, 56D, EV 102.5 MPH)
|
Batting: LHB Carlos Cuellar
|
0-0: Called Strike 0-1: Ball Balk! James McCauley to second 1-1: Foul Ball, location: 2F 1-2: Fly out, F8 (Line Drive, 8RM, EV 89.4 MPH)
|
Bottom of the 6th over - 4 runs, 4 hits, 0 errors, 1 left on base; Tijuana 2 - Calgary 8 |
TOP OF THE 7TH |
Tijuana Toros batting - Pitching for Calgary Flames : LHP Bill Hussey
|
Batting: RHB Brad Brady
|
0-0: Ball 1-0: Called Strike 1-1: Ball 2-1: Ball 3-1: Foul Ball, location: 2F 3-2: Strikes out swinging, 2-3 out at first.
|
Batting: RHB Riemer de Jonge
|
0-0: Called Strike 0-1: Foul Ball, location: 2F 0-2: Ball 1-2: Ball 2-2: Strikes out swinging
|
Batting: SHB Dave Reynoso
|
0-0: Swinging Strike 0-1: Swinging Strike 0-2: Ball 1-2: Strikes out looking
|
Top of the 7th over - 0 runs, 0 hits, 0 errors, 0 left on base; Tijuana 2 - Calgary 8 |
BOTTOM OF THE 7TH |
Calgary Flames batting - Pitching for Tijuana Toros : RHP Makoto Narita
|
Batting: LHB Dean Luttman
|
0-0: Foul Ball, location: 2F 0-1: Foul Ball, location: 2F 0-2: Ball 1-2: Foul Ball, location: 2F 1-2: Ground out U3 (Groundball, 3L, EV 103.8 MPH)
|
Batting: LHB Justin Daley
|
0-0: Fly out, F7 (Flyball, 78S, EV 78.1 MPH)
|
Batting: LHB Lu-po-teh Zhou
|
0-0: Called Strike 0-1: SINGLE (Groundball, P, EV 82.5 MPH) (infield hit)
|
Batting: RHB Adrian Cook
|
0-0: Called Strike 0-1: DOUBLE (Line Drive, 89D, EV 106.2 MPH) Lu-po-teh Zhou to third Runner from 3rd tries for Home, SAFE, no throw by RF
|
Batting: RHB Brian DeVoe
|
0-0: Called Strike 0-1: Ground out U3 (Groundball, 34, EV 103.1 MPH)
|
Bottom of the 7th over - 1 run, 2 hits, 0 errors, 1 left on base; Tijuana 2 - Calgary 9 |
TOP OF THE 8TH |
Tijuana Toros batting - Pitching for Calgary Flames : LHP Bill Hussey
|
Pinch Hitting: SHB Jesus Gomez
|
0-0: Ball 1-0: Called Strike 1-1: Ball 2-1: Foul Ball, location: 2F 2-2: Ball 3-2: Base on Balls
|
Pitching: LHP Ricardo de la Torre
|
|
Batting: LHB Jay Fenderson
|
0-0: Ball 1-0: SINGLE (Line Drive, 9S, EV 100.6 MPH) Jesus Gomez to second
|
Batting: RHB Francisco de la Cruz
|
0-0: Ball 1-0: Swinging Strike 1-1: Ball 2-1: Grounds into double play, 4-6-3 (Groundball, 4, EV 86.9 MPH) Jesus Gomez to third
|
Pinch Hitting: RHB Adam Maczko
|
0-0: Called Strike 0-1: Ball 1-1: Ball Wild Pitch! Jesus Gomez scores 2-1: Ball 3-1: Called Strike 3-2: Foul Ball, location: 2F 3-2: Base on Balls
|
Batting: RHB Jason Baldwin
|
0-0: Called Strike 0-1: Foul Ball, location: 2F 0-2: Ball 1-2: Ground out U3 (Groundball, 34S, EV 85.6 MPH)
|
Top of the 8th over - 1 run, 1 hit, 0 errors, 1 left on base; Tijuana 3 - Calgary 9 |
BOTTOM OF THE 8TH |
Calgary Flames batting - Pitching for Tijuana Toros : RHP Makoto Narita
|
Now at 1B: Adam Maczko
|
|
Now in LF: Jesus Gomez
|
|
Batting: RHB Eric McMillian
|
0-0: Ball 1-0: Ball 2-0: Ball 3-0: Called Strike 3-1: Ground out 6-3 (Groundball, 6, EV 83.8 MPH)
|
Batting: RHB Mike MacLeod
|
0-0: Foul Ball, location: 2F 0-1: SOLO HOME RUN (Line Drive, 9D, EV 97.5 MPH), Distance : 368 ft
|
Batting: LHB James McCauley
|
0-0: Called Strike 0-1: Called Strike 0-2: Foul Ball, location: 2F 0-2: SINGLE (Groundball, 4D, EV 108.8 MPH)
|
Batting: LHB Carlos Cuellar
|
0-0: Called Strike 0-1: Fielders Choice at 2nd, 4-6 (Groundball, 4, EV 85.6 MPH)
|
Batting: LHB Dean Luttman
|
0-0: Foul Ball, location: 2F 0-1: SINGLE (Line Drive, 9S, EV 100.6 MPH) Carlos Cuellar to second
|
Batting: LHB Justin Daley
|
0-0: Foul Ball, location: 2F 0-1: Fly out, F6 (Popup, 6, EV 55.0 MPH)
|
Bottom of the 8th over - 1 run, 3 hits, 0 errors, 2 left on base; Tijuana 3 - Calgary 10 |
TOP OF THE 9TH |
Tijuana Toros batting - Pitching for Calgary Flames : LHP Ricardo de la Torre
|
Batting: LHB Jim Jardine
|
0-0: Ball 1-0: Foul Ball, location: 2F 1-1: Foul Ball, location: 2F 1-2: Foul Ball, location: 2F 1-2: Strikes out swinging
|
Batting: RHB Brad Brady
|
0-0: Foul Ball, location: 2F 0-1: Foul Ball, location: 2F 0-2: Foul Ball, location: 2F 0-2: Strikes out swinging
|
Batting: RHB Riemer de Jonge
|
0-0: Foul Ball, location: 2F 0-1: Ball 1-1: Ball 2-1: Called Strike 2-2: Ball 3-2: Strikes out swinging
|
Top of the 9th over - 0 runs, 0 hits, 0 errors, 0 left on base; Tijuana 3 - Calgary 10 |
|